 Dungeon Crawl Stone Soup version 0.22-a0-803-gd6d8abeff0 (webtiles) character file.

83 Mirvelgyr the Shield-Bearer (level 4, -1/37 HPs)
             Began as a Formicid Fighter on July 22, 2018.
             Succumbed to kobold's curare-tipped needle
             ... on level 3 of the Dungeon.
             The game lasted 00:03:19 (1720 turns).

Mirvelgyr the Shield-Bearer (Formicid Fighter)      Turns: 1720, Time: 00:03:20

Health: -1/37      AC: 11    Str: 21    XL:     4   Next: 71%
Magic:  4/4        EV:  4    Int:  8    God:
Gold:   117        SH:  9    Dex: 10    Spells: 3/3 levels left

rFire    + . .     SeeInvis +   a - +0 war axe
rCold    + . .     Gourm    .   c - +0 shield
rNeg     . . .     Faith    .   m - +0 plate armour
rPois    +         Spirit   .   (helmet unavailable)
rElec    +         Reflect  .   (no cloak)
rCorr    +         Harm     .   (no gloves)
MR       .....                  (no boots)
Stlth    ..........             (no amulet)
HPRegen  0.12/turn              j - ring of stealth
MPRegen  0.09/turn              (no ring)

@: lethally poisoned (-1 -> -31), resistant, heavily drained
A: permanent stasis, dig shafts and tunnels, four strong arms, antennae 3
a: Dig, Shaft Self


You were on level 3 of the Dungeon.
You were not hungry.

You visited 1 branch of the dungeon, and saw 3 of its levels.

You collected 117 gold pieces.

Inventory:

Hand Weapons
 a - a +0 war axe (weapon)
Armour
 c - a +0 shield (worn)
 m - a +0 plate armour (worn)
Jewellery
 j - a ring of stealth (left hand)
Wands
 i - a wand of polymorph (10)
Scrolls
 b - 2 scrolls of teleportation
 e - a scroll of identify
 l - a scroll of fog
Potions
 d - a potion of might
 g - a potion of resistance
Comestibles
 f - 7 rations
 h - 8 chunks of flesh


   Skills:
 + Level 3.8(2.3) Fighting
 * Level 3.2(1.8) Axes
 + Level 3.8(2.4) Armour
 + Level 4.2(2.7) Shields


You had 3 spell levels left.
You didn't know any spells.
Your spell library was empty.

Dungeon Overview and Level Annotations

Branches:
Dungeon (3/15)

Altars:
Uskayaw
Xom


Innate Abilities, Weirdness & Mutations

You cannot be hasted, slowed, berserked, paralysed or teleported.
You can dig through walls and to a lower floor.
Your four strong arms can wield two-handed weapons with a shield.
You have a pair of large antennae on your head. (SInv)


Message History

Your stasis prevents you from being slowed.
You see here a curare-tipped needle.
You are too injured to fight recklessly!
You are too injured to fight recklessly!
You are too injured to fight recklessly!
You feel sick.
You feel sick.
Found an escape hatch in the floor.
You feel sick.
The kobold shoots a curare-tipped needle.
The curare-tipped needle hits you.
You are more poisoned.
You have difficulty breathing.
* * * LOW HITPOINT WARNING * * *
Your stasis prevents you from being slowed.
* * * LOW HITPOINT WARNING * * *
You feel sick.
It was a potion of resistance.
You feel protected.
You die...

#.###.###.#......
#.# #.# #.#......
##.# #.# #.##.#.##
#... ..# #.##.#.#
#.># #####.##.#.##
#..# ##..#P.PP..
#..#####..≈P.P≈P.#
###.......PP.PPP≈≈.#
#..@....(PPP≈♣≈≈PP.#
#.###.P(.P♣≈≈≈P≈≈#.#
# #PP≈K≈≈♣≈≈PP≈P.#.#
#.PPP≈≈≈♣PP≈.###.#.#
#.PP≈≈♣≈♣PP### #.#.#
#..≈≈♣♣♣PPPP# #.#.#
#.PP≈ ♣PP≈# #.#.#
#..≈P ≈P≈P###.#.#
###P ≈.P.P.#.#


You could see a kobold.

Vanquished Creatures
  A howler monkey zombie (D:2)
  An adder (D:2)
  An ooze (D:1)
  An orc (D:3)
  10 bats
  4 giant cockroaches
  4 goblins
  6 hobgoblins
  6 jackals
  2 ball pythons
  8 kobolds
  10 rats
54 creatures vanquished.

Vanquished Creatures (others)
  A plant (D:3)
1 creature vanquished.

Grand Total: 55 creatures vanquished

Notes
Turn   | Place    | Note
-------+----------+-------------------------------------------
     0 | D:1      | Mirvelgyr the Formicid Fighter began the quest for the Orb.
     0 | D:1      | Reached XP level 1. HP: 18/18 MP: 1/1
    41 | D:1      | Found a shimmering altar of Xom.
   179 | D:1      | Reached XP level 2. HP: 24/24 MP: 2/2
   423 | D:1      | Reached XP level 3. HP: 29/29 MP: 3/3
   871 | D:2      | Reached skill level 4 in Shields
   914 | D:2      | Found a hide-covered altar of Uskayaw.
  1034 | D:2      | Reached XP level 4. HP: 34/37 MP: 4/4
  1720 | D:3      | Succumbed to kobold's curare-tipped needle

Vault maps used:
D:1:      onia_arrival_mini_spirals, xom_teletrap_fun
D:2:      nicolae_overflow_hidden_temple, first_ration,
          kennysheep_generic_room_9
D:3:      lemuel_round_altar, serial_bayou, serial_bayou_lagoon_a,
          serial_bayou_pond_d, serial_bayou_lake_a, serial_bayou_pond_c,
          minmay_splitting_lines

Skill      XL: |  1  2  3  4 |
---------------+-------------+-----
Shields        | 4 |  4.2
Axes           | 3 |  3.2
Fighting       | |  3.8
Armour         | |  3.8

Action                   |  1- 3 |  4- 6 || total
-------------------------+-------+-------++-------
Melee: War axe           |   113 |   104 ||   217
       Unarmed           |       |     4 ||     4
  Use: Scroll            |       |     4 ||     4
       Potion            |       |     1 ||     1
  Eat: Chunk             |     1 |     2 ||     3
Armor: Scale mail        |    69 |     5 ||    74
       Plate armour      |       |    67 ||    67
       Skin              |       |     1 ||     1
Dodge: Dodged            |    37 |    25 ||    62
Block: Shield            |    67 |    58 ||   125

Table legend:
 A = Spawn XP
 B = Non-spawn XP
 C = Spawn XP percentage of total XP
 D = Spawn monster count
 E = Non-spawn monster count
 F = Spawn count percentage of total count
 G = Total turns spent on level
                    A         B        C        D         E        F      G
               +---------+---------+-------+---------+---------+-------+---------
         Total |       0 |     119 |   0.0 |       0 |      54 |   0.0 |  1720
               +---------+---------+-------+---------+---------+-------+---------
           D:1 |       0 |      39 |   0.0 |       0 |      22 |   0.0 |   808
           D:2 |       0 |      54 |   0.0 |       0 |      16 |   0.0 |   592
           D:3 |       0 |      26 |   0.0 |       0 |      16 |   0.0 |   320
               +---------+---------+-------+---------+---------+-------+---------
